 Dungeon Crawl Stone Soup version 0.27-a0-1273-gec92ba881d (webtiles) character file.

Game seed: 8952516247243386426

1345 dickylongcocking the Skirmisher (level 8, -2/61 HPs)
             Began as a Djinni Enchanter on June 12, 2021.
             Slain by an elf zombie (5 damage)
             ... in an ossuary.
             The game lasted 00:07:33 (8451 turns).

dickylongcocking the Skirmisher (Djinni Enchanter)  Turns: 8451, Time: 00:07:34

Health: -2/61      AC:  4    Str:  7    XL:     8   Next: 94%
Gold:   92         EV: 12    Int: 18    God:
                   SH:  0    Dex: 15

rFire    + + .     SeeInvis .   m - +0 dagger (venom)
rCold    x . .     Faith    .   (no shield)
rNeg     . . .     Spirit   .   f - +0 leather armour
rPois    ∞         Reflect  .   (no helmet)
rElec    .         Harm     .   s - +0 cloak
rCorr    .         Rampage  .   (no gloves)
Will     +....                  (boots unavailable)
Stlth    ++........             (no amulet)
HPRegen  0.20/turn              c - ring of willpower
MPRegen  0.00/turn              (no ring)

@: flying
A: sickness immunity, fire resistance 2, cold vulnerability 1, float, innate
caster, hp casting, extra vitality 1
a: no special abilities


You were in an ossuary.
You visited 1 branch of the dungeon, and saw 7 of its levels.
You also visited: Ossuary.

You collected 125 gold pieces.
You spent 33 gold pieces at shops.

Inventory:

Hand Weapons
 a - a +1 dagger
 d - a +8 quick blade
 g - a +1 long sword of freezing
 m - a +0 dagger of venom (weapon)
Missiles
 t - 3 boomerangs of dispersal
Armour
 b - a +0 robe
 f - a +0 leather armour (worn)
 s - a +0 cloak (worn)
Jewellery
 c - a ring of willpower (left hand)
Wands
 q - a wand of flame (13)
Scrolls
 j - 2 scrolls of teleportation
 k - a scroll of fear
 l - 2 scrolls of magic mapping
 n - a scroll of summoning
 p - a scroll of noise
 r - 4 scrolls of identify
Potions
 h - a potion of flight {unknown}
 i - 2 potions of brilliance {unknown}
 o - a potion of mutation
 u - a potion of cancellation {unknown}


   Skills:
 * Level 6.1 Fighting
 - Level 2.4 Short Blades
 - Level 1.3 Armour
 - Level 2.5 Dodging
 - Level 3.8 Stealth
 * Level 5.5 Spellcasting


You couldn't memorise any spells.
You knew the following spells:

 Your Spells              Type           Power      Damage    Failure   Level
a - Corona                Hex            26%        N/A       1%          1
b - Ensorcelled Hibernat  Hex/Ice        48%        N/A       2%          2
c - Confusing Touch       Hex            24%        N/A       5%          3
d - Tukima's Dance        Hex            24%        N/A       5%          3
e - Dazzling Flash        Conj/Hex       48%        N/A       5%          3
f - Summon Small Mammal   Summ           96%        N/A       1%          1
g - Static Discharge      Conj/Air       24%        N/A       2%          2
h - Swiftness             Air            24%        N/A       5%          3
Your spell library was empty.

Dungeon Overview and Level Annotations

Branches:
Dungeon (8/15)            Ossuary (1/1)
 Temple: D:4-7         Lair: D:8-11

Altars:
Cheibriados
Xom
Yredelemnul
The Shining One

Shops:
D:3 ==*   D:5 :


Innate Abilities, Weirdness & Mutations

You are immune to sickness and miasma.
You are immune to poison.
Your flesh is very heat resistant. (rF++)
You are vulnerable to cold. (rC-)
You float through the air rather than walking.
You learn spells naturally, not from books.
Your magical power is your life essence.
You have superior vitality. (+4 HP)


Message History

The goblin zombie is almost destroyed.
The lightning grounds out.
* * * LOW HITPOINT WARNING * * *
The elf zombie completely misses you. The goblin zombie barely misses you.
The hobgoblin zombie hits you but does no damage.
Unknown command.
Unknown command.
Unknown command.
Unknown command.
Okay, then.
Casting: Static Discharge (safe; 2% risk of failure)
Confirm with . or Enter, or press ? or * to list all spells.
The elf zombie is struck by an arc of lightning!
The elf zombie is moderately damaged.
You are struck by an arc of lightning.
* * * LOW HITPOINT WARNING * * *
The lightning grounds out.
* * * LOW HITPOINT WARNING * * *
The elf zombie hits you.
* * * LOW HITPOINT WARNING * * *
The elf zombie hits you but does no damage.
The goblin zombie barely misses you.
The hobgoblin zombie closely misses you.
Unknown command.
Unknown command.
Unknown command.
Unknown command.
As you read the scroll labelled KAWKAYK YLOB, it crumbles to dust.
You feel a surge of unholy energy.
It was a scroll of torment.
The elf zombie hits you but does no damage.
The elf zombie hits you.
* * * LOW HITPOINT WARNING * * *
The goblin zombie misses you.
This is a scroll of acquirement!
Something appears before you!
The hobgoblin zombie closely misses you.
The elf zombie closely misses you.
d - a +8 quick blade The elf zombie hits you.
You die...

##.........#
...........
##.........##
...........#
##.........##
#...........#
##...Z.....##
#..Z@ZZ.....#
#####Z..####
#...# ##...##
##.....##
#...∩...#
#.......#
#...∩...#
##.....##


You could see a goblin zombie, 2 hobgoblin zombies and 2 elf zombies.

Vanquished Creatures
  A human (D:4)
  Menkaure (D:4)
  A water moccasin (D:5)
  Duvessa (D:4)
  An ice beast (D:7)
  An ogre (D:4)
  A phantom (D:5)
  Dowan (D:4)
  A water moccasin zombie (D:7)
  An orc priest (D:3)
  A hound (D:4)
  A bullfrog skeleton (D:4)
  A centaur skeleton (D:7)
  A human skeleton (D:4)
  Natasha (thrice) (D:3)
  A hound skeleton (D:5)
  A mummy (Ossuary)
  3 gnolls (D:3)
  2 adders
  2 worms (D:2)
  A dart slug (D:2)
  5 orcs
  6 endoplasms
  3 giant cockroaches
  6 goblins
  9 hobgoblins
  2 jackals (D:4)
  2 quokkas
  9 ball pythons
  7 bats
  2 frilled lizards
  A goblin zombie (Ossuary)
  A jackal zombie (D:4)
  8 kobolds
  An orc zombie (Ossuary)
  5 rats
94 creatures vanquished.

Vanquished Creatures (collateral kills)
  Sigmund (D:2)
  Blork the orc (D:4)
  A kobold (D:2)
3 creatures vanquished.

Grand Total: 97 creatures vanquished

Notes
Turn   | Place    | Note
-------+----------+-------------------------------------------
     0 | D:1      | dickylongcocking the Djinni Enchanter began the quest for
                  | the Orb.
     0 | D:1      | Reached XP level 1. HP: 15/15 MP: 0/0
   312 | D:1      | Reached XP level 2. HP: 21/21 MP: 0/0
   363 | D:1      | Reached skill level 1 in Short Blades
  1121 | D:1      | Found a faded altar of an unknown god.
  1204 | D:1      | Reached XP level 3. HP: 25/25 MP: 0/0
  1204 | D:1      | Learned a level 1 spell: Summon Small Mammal
  2345 | D:2      | Reached XP level 4. HP: 28/31 MP: 0/0
  2437 | D:2      | Noticed Sigmund
  2451 | D:2      | Killed Sigmund
  2452 | D:2      | Reached skill level 1 in Armour
  2452 | D:2      | Reached XP level 5. HP: 19/36 MP: 0/0
  2452 | D:2      | Learned a level 2 spell: Static Discharge
  2718 | D:2      | Reached skill level 1 in Fighting
  2909 | D:2      | Reached XP level 6. HP: 28/42 MP: 0/0
  3830 | D:3      | Found a snail-covered altar of Cheibriados.
  3977 | D:3      | Found a shimmering altar of Xom.
  4080 | D:3      | Reached skill level 2 in Fighting
  4313 | D:3      | Noticed Natasha
  4314 | D:3      | Found Vieg Keana's General Store.
  4324 | D:3      | Killed Natasha
  4328 | D:3      | Bought a scroll of teleportation for 33 gold pieces
  4740 | D:3      | Found Rurrigal's Jewellery Emporium.
  4742 | D:3      | Noticed Natasha
  4752 | D:3      | Killed Natasha
  4873 | D:3      | Noticed Natasha
  4881 | D:3      | Killed Natasha
  5245 | D:3      | Found Ykkeet's Jewellery Emporium.
  5354 | D:4      | Noticed Menkaure
  5379 | D:4      | Killed Menkaure
  5380 | D:4      | Reached skill level 3 in Fighting
  5380 | D:4      | Reached XP level 7. HP: 50/50 MP: 0/0
  5380 | D:4      | Learned a level 3 spell: Swiftness
  5671 | D:4      | Found a runed translucent door.
  5671 | D:4      | Noticed a human
  5677 | D:4      | Found a basalt altar of Yredelemnul.
  5845 | D:4      | Killed a human
  5846 | D:4      | Reached skill level 4 in Fighting
  6057 | D:4      | Reached XP level 8. HP: 29/58 MP: 0/0
  6290 | D:4      | Noticed Duvessa
  6292 | D:4      | Noticed Dowan
  6308 | D:4      | Killed Duvessa
  6333 | D:4      | Killed Dowan
  6899 | D:4      | Noticed Blork the orc
  6911 | D:4      | Reached skill level 5 in Fighting
  6914 | D:4      | Killed Blork the orc
  7544 | D:5      | Entered Level 5 of the Dungeon
  7569 | D:5      | Reached skill level 5 in Spellcasting
  7604 | D:5      | Found Iskarch's Book Boutique.
  7862 | D:5      | You are sucked into a shaft and drop 3 floors!
  8016 | D:7      | Found a glowing golden altar of the Shining One.
  8342 | D:7      | Reached skill level 6 in Fighting
  8348 | D:7      | Found a sand-covered staircase.
  8352 | Ossuary  | Entered an ossuary
  8448 | Ossuary  | HP: 3/61 [elf zombie (5)]
  8450 | Ossuary  | Identified a scroll of acquirement
  8450 | Ossuary  | Acquired a +8 quick blade
  8451 | Ossuary  | Slain by an elf zombie

Illustrated notes

Levels and vault maps discovered:
D:1:      shiori_arrival_oz, layout_loops_corners, ebering_ecumenical_altar_mist
D:2:      layout_basic, uniq_sigmund
D:3:      layout_loops_ring, xom_teletrap_fun, lemuel_doored_altar,
          serial_shops, shop, nicolae_shop_trees, shop, uniq_natasha
D:4:      layout_basic, dk_yredelemnul_ordeal, uniq_duvessa, uniq_blork_the_orc,
          uniq_menkaure
D:5:      layout_loops_cross, serial_co_window_serial,
          co_window_of_opportunity_a, co_window_paths_a, co_window_paths_b,
          co_window_paths_a, co_window_corner_a, co_window_of_opportunity_a,
          co_window_cross_3, co_window_cross_4, co_window_broadway_a,
          co_window_broadway_c, glass_columns_b, serial_shops, shop, shop,
          nicolae_shop_crystal, nicolae_shop_waterfront
D:7:      layout_cave_pods, old_standard_altar, kennysheep_mini,
          enter_ossuary_5, doesnt_shop_hydraphobe, uniq_joseph
D:8:      layout_rooms, lemuel_coloured_pillars_altar, nicolae_zen_rock_garden
Ossuary:  minmay_ossuary_gauntlet

Skill      XL: |  1  2  3  4  5  6  7  8 |
---------------+-------------------------+-----
Short Blades   | 1 2 |  2.4
Stealth        | 3 |  3.8
Armour         | 1 |  1.3
Fighting       | 1 3 4 6 |  6.1
Spellcasting   | 3 4 5 |  5.5
Dodging        | |  2.5

Action                   |  1- 3 |  4- 6 |  7- 9 || total
-------------------------+-------+-------+-------++-------
Melee: Dagger            |   147 |   107 |   171 ||   425
 Cast: Ensorcelled Hiber |     5 |    23 |    18 ||    46
       Corona            |     1 |     3 |       ||     4
       Tukima's Dance    |       |     3 |     2 ||     5
       Static Discharge  |       |     9 |     9 ||    18
       Confusing Touch   |       |     2 |     7 ||     9
       Summon Small Mamm |       |     1 |     3 ||     4
       Swiftness         |       |       |     1 ||     1
Evoke: Wand              |       |       |     4 ||     4
  Use: Potion            |       |     3 |     1 ||     4
       Scroll            |       |       |     7 ||     7
 Stab: Sleeping          |    13 |    12 |    12 ||    37
       Distracted        |     1 |       |       ||     1
       Confused          |       |     1 |     7 ||     8
Armor: Robe              |    11 |       |       ||    11
       Leather armour    |    29 |    17 |    41 ||    87
Dodge: Dodged            |    69 |    63 |    99 ||   231

Table legend: (Time is in decaauts)
 A = Elapsed time spent in this place.
 B = Non-inter-level travel time spent in this place.
 C = Inter-level travel time spent in this place.
 D = Time resting spent in this place.
 E = Time spent auto-exploring this place.
 F = Levels seen in this place.
 G = Mean time per level.
                   A        B        C        D        E       F      G
               +--------+--------+--------+--------+--------+-----+--------+
         Total |   8415 |   8254 |    161 |   2029 |   5188 |   8 | 1051.9 |
       Dungeon |   8317 |   8156 |    161 |   2029 |   5110 |   7 | 1188.1 |
       Ossuary |     98 |     98 |      0 |      0 |     78 |   1 |   98.0 |
               +--------+--------+--------+--------+--------+-----+--------+

Top non-repeatable levels by time:
     D:4: 2255 daAuts
     D:3: 1822 daAuts
     D:2: 1805 daAuts
     D:1: 1641 daAuts
     D:7: 439 daAuts
     D:5: 312 daAuts
 Ossuary: 98 daAuts
     D:8: 42 daAuts
